 Dungeon Sprint DCSS version 0.30-a0-862-g1aabd4f9c5 (webtiles) character file.

Game seed: 11595683679207649037

2727 rocky1 the Geomancer (level 9, -12/82 HPs)
             Began as a Demigod Earth Elementalist on Mar 10, 2023.
             Mangled by an earth elemental (37 damage)
             ... in the Dungeon (Sprint V: "Ziggurat Sprint").
             The game lasted 00:08:58 (1171 turns).

rocky1 the Geomancer (Demigod Earth Elementalist)   Turns: 1171, Time: 00:09:00

Health: -12/82     AC:  2    Str: 13    XL:     9   Next: 17%
Magic:  24/25      EV: 17    Int: 31    God:
Gold:   0          SH:  0    Dex: 20    Spells: 20/24 levels left

rFire   . . .      SeeInvis .    B - +9 sword of Power {lifebolt}
rCold   . . .      Faith    .    (shield currently unavailable)
rNeg    . . .      Spirit   .    a - +0 robe
rPois   .          Reflect  .    (no helmet)
rElec   .          Rampage  .    (no cloak)
rCorr   .          NoTele   +    (no gloves)
Will    .....                    (no boots)
Stlth   ++                       (no amulet)
HPRegen 0.33/turn                l - +6 ring of dexterity
MPRegen 0.19/turn                n - +6 ring of intelligence

@: on berserk cooldown, hasted and slowed
A: high MP 1, forlorn, divine attributes
a: no special abilities


You were in the Dungeon.
You visited 1 branch

Inventory:

Hand Weapons
 y - the +11 Singing Sword {sonic wave}
   (You found it in the Dungeon)
 z - the +8 lance "Wyrmbane" {slay drac, rPois rF+ rC+ AC+3}
   (You found it in the Dungeon)

   AC:        It affects your AC (+3).
   rF:        It protects you from fire.
   rC:        It protects you from cold.
   rPois:     It protects you from poison.
 B - the +9 sword of Power (weapon) {lifebolt}
   (You found it in the Dungeon)
 C - the +9 sword of Zonguldrok {reap}
   (You found it in the Dungeon)
 F - the +3 greatsling "Punk" {acid, rCorr}
   (You found it in the Dungeon)

   rCorr:     It protects you from acid and corrosion.
 I - a +4 arbalest of flaming
 J - a +3 lajatang of speed
Missiles
 K - a throwing net
Armour
 a - a +0 robe (worn)
 H - a +2 plate armour of poison resistance
Jewellery
 j - a ring of flight
 k - a +6 ring of dexterity
 l - a +6 ring of dexterity (left hand)
 m - a +6 ring of intelligence
 n - a +6 ring of intelligence (right hand)
 o - a +6 ring of strength
 p - a +6 ring of strength
 G - a ring of fire
Wands
 h - a wand of mindburst (7)
 i - a wand of light (7)
Scrolls
 r - 4 scrolls of amnesia
 s - 7 scrolls of fog
 t - 5 scrolls of identify
 u - a scroll of fear
 E - 4 scrolls of enchant weapon
Potions
 b - 8 potions of magic
 c - 10 potions of curing
 d - 3 potions of heal wounds
 e - 5 potions of haste
 f - a potion of berserk rage
 v - 2 potions of brilliance
 w - 2 potions of invisibility
 x - 3 potions of resistance
 A - 5 potions of might
Miscellaneous
 g - a tin of tremorstones (2/2)
 q - a lightning rod (4/4)
 D - a phial of floods


   Skills:
 + Level 8.9 Fighting
 + Level 7.7 Long Blades
 + Level 8.2 Dodging
 - Level 1.7 Stealth
 + Level 8.3 Spellcasting
 - Level 0.8 Transmutations
 + Level 9.2 Earth Magic
 + Level 7.4 Evocations


You had 20 spell levels left.
You knew the following spells:

 Your Spells              Type           Power      Damage    Failure   Level
a - Sandblast             Erth           100%       2d20      1%          1
b - Stone Arrow           Conj/Erth      82%        3d12      1%          3

Your spell library contained the following spells:

 Spells                   Type           Power      Damage    Failure   Level
 Passwall                 Tmut/Erth      36%        N/A       1%          2
 Beastly Appendage        Tmut           36%        N/A       2%          1
 Sting                    Tmut/Pois      60%        1d6       3%          1
 Wereblood                Tmut           18%        N/A       4%          2
 Petrify                  Tmut/Erth      44%        N/A       4%          4
 Spider Form              Tmut/Pois      15%        N/A       10%         3
 Summon Guardian Golem    Hex/Summ       12%        N/A       12%         3
 Irradiate                Conj/Tmut      7%         3d14      65%         5
 Simulacrum               Ice/Necr       6%         N/A       99%         6
 Orb of Destruction       Conj           6%         9d6       100%        7
 Spellforged Servitor     Conj/Summ      6%         N/A       100%        7
 Chain Lightning          Conj/Air       6%         3d8       100%        9


Dungeon Overview and Level Annotations

Branches:
Dungeon (1/1)

Annotations:
D 1 transporter


Innate Abilities, Weirdness & Mutations

You have an increased reservoir of magic. (+10% MP)
You shall have no god before yourself.
Your divine heritage dramatically boosts your attributes as you level up.


Message History

Your Spellcasting skill increases to level 8!
Your Evocations skill increases to level 7!
Unknown command.
You slash the earth elemental!
You destroy the earth elemental!
You have reached level 9!
Your experience leads to a dramatic increase in your attributes!
Your base attributes are Str 9, Int 25, Dex 14.
Increase (S)trength, (I)ntelligence, or (D)exterity?
You feel stronger. x4
Unknown command.
You slash the earth elemental!
The earth elemental is heavily damaged.
You slash the earth elemental!
The earth elemental is severely damaged.
The earth elemental misses you.
You slash the earth elemental!
You destroy the earth elemental!
The earth elemental barely misses you.
Your Dodging skill increases to level 8!
Your Earth Magic skill increases to level 9!
Unknown command.
You slice the toenail golem!!
The toenail golem is heavily damaged.
The toenail golem completely misses you.
You slice the toenail golem!!
The toenail golem is almost destroyed.
The earth elemental closely misses you.
The toenail golem hits you but does no damage.
You slash the toenail golem!
You destroy the toenail golem!
You hit the earth elemental but do no damage.
The earth elemental barely misses you.
You barely miss the earth elemental. You slice the earth elemental!!
The earth elemental is moderately damaged.
You are no longer berserk.
You are exhausted.
You feel yourself slow down. The earth elemental hits you!!!
You die...

▓..8©8..▓
▓..:[[..▓
▓..):|..▓
▓.......▓
▓.......▓
▓...E...▓
▓.......▓
▓.▓...▓E▓
▓...©.)@▓
▓▓▓▓▓▓▓▓▓


You could see an earth elemental.

Vanquished Creatures
  2 toenail golems (D)
  A gargoyle (D)
  5 merfolk (D)
  2 fire elementals (D)
  4 scorpions (D)
  2 earth elementals (D)
  2 orc priests (D)
  An adder skeleton (D)
  An adder zombie (D)
  A ball python skeleton (D)
  A ball python zombie (D)
  A fire vortex (D)
23 creatures vanquished.

Notes
Turn   | Place    | Note
-------+----------+-------------------------------------------
     0 | D        | rocky1 the Demigod Earth Elementalist began the quest for
                  | the Orb.
     0 | D        | Reached XP level 1. HP: 14/14 MP: 5/5
     4 | D        | Found the +6 Majin-Bo {spellvamp, MP+6 Int+6}
     4 | D        | Found the +27 heavy crossbow "Sniper" {heavy, Acc+∞ SInv}
     4 | D        | Found the +10 dark maul {heavy}
     4 | D        | Found the +15 Maxwell's patent armour {-Cast -Tele rElec
                  | Will+ rCorr}
     4 | D        | Found the +18 shield of the Gong {Loud rN+ Will+ rCorr
                  | EV-5}
     4 | D        | Found the +16 obsidian axe {drain, demonic, Mesm Drain Fly
                  | SInv}
     4 | D        | Found the +7 great mace "Firestarter" {flame, inner flame,
                  | rFlCloud rF++}
     4 | D        | Found the +6 shillelagh "Devastator" {shatter}
     4 | D        | Found the +11 plutonium sword {Contam Stlth-}
     4 | D        | Found the +8 lance "Wyrmbane" {slay drac, rPois rF+ rC+
                  | AC+3}
     4 | D        | Found the +9 sword of Zonguldrok {reap}
     4 | D        | Found the +13 scythe of Curses {drain, curses, Drain}
     4 | D        | Found the +9 sword of Power {lifebolt}
     4 | D        | Found the +7 mace of Variability {chaos, chain chaos}
     4 | D        | Found the +11 Singing Sword {sonic wave}
     4 | D        | Found the +8 storm bow {elec, penet}
     6 | D        | Found a transporter.
    22 | D        | Reached skill level 4 in Earth Magic
    22 | D        | Reached XP level 2. HP: 27/27 MP: 5/9
    84 | D        | Entered arena 2.
    84 | D        | Found a transporter.
    87 | D        | Reached skill level 1 in Long Blades
    87 | D        | Reached skill level 5 in Earth Magic
    87 | D        | Reached XP level 3. HP: 33/33 MP: 9/11
   251 | D        | Learned a level 3 spell: Stone Arrow
   251 | D        | Entered arena 3.
   251 | D        | Found the +3 greatsling "Punk" {acid, rCorr}
   251 | D        | Noticed a fire elemental
   251 | D        | Noticed a fire elemental
   251 | D        | Found a transporter.
   264 | D        | Killed a fire elemental
   265 | D        | Reached skill level 5 in Fighting
   265 | D        | Reached skill level 5 in Spellcasting
   265 | D        | Reached skill level 6 in Earth Magic
   265 | D        | Reached XP level 4. HP: 42/42 MP: 3/14
   265 | D        | Reached XP level 5. HP: 48/48 MP: 3/15
   265 | D        | Killed a fire elemental
   266 | D        | Reached skill level 5 in Dodging
   266 | D        | Reached XP level 6. HP: 57/57 MP: 3/18
   544 | D        | Entered arena 4.
   544 | D        | Found a transporter.
   550 | D        | Reached skill level 7 in Earth Magic
   551 | D        | Reached skill level 5 in Long Blades
   627 | D        | Entered arena 5.
   627 | D        | Found a transporter.
   772 | D        | Entered arena 6.
   772 | D        | Noticed a merfolk
   772 | D        | Noticed a merfolk
   772 | D        | Noticed a merfolk
   772 | D        | Noticed a merfolk
   772 | D        | Noticed a merfolk
   772 | D        | Found a transporter.
   775 | D        | Killed a merfolk
   776 | D        | Reached skill level 5 in Evocations
   776 | D        | Reached XP level 7. HP: 46/64 MP: 18/20
   780 | D        | Killed a merfolk
   784 | D        | Killed a merfolk
   785 | D        | Reached XP level 8. HP: 40/73 MP: 10/22
   790 | D        | Killed a merfolk
   791 | D        | Reached skill level 8 in Earth Magic
   791 | D        | Killed a merfolk
  1017 | D        | Got the Compendium of the Niveous Dose
  1020 | D        | Got the Encyclopedia of Overcast Composition
  1142 | D        | Entered arena 7.
  1142 | D        | Noticed a toenail golem
  1142 | D        | Noticed a toenail golem
  1142 | D        | Noticed a gargoyle
  1143 | D        | Found a transporter.
  1158 | D        | Killed a toenail golem
  1161 | D        | Killed a gargoyle
  1163 | D        | Reached XP level 9. HP: 34/82 MP: 23/25
  1166 | D        | Reached skill level 9 in Earth Magic
  1168 | D        | Killed a toenail golem
  1171 | D        | Mangled by an earth elemental

Illustrated notes

Levels and vault maps discovered:
D:        sprint_v [room_start, room_1, room_2, room_3, room_4, room_5, room_6,
          room_7, room_8, room_9, room_10, room_11, room_12, room_13, room_14,
          room_15, room_16, room_17, room_18, room_19, room_20, room_21,
          room_22, room_23, room_24, room_25, room_26, room_27]

Skill      XL: |  1  2  3  4  5  6  7  8  9 |
---------------+----------------------------+-----
Fighting       | 3 4 5 6 7 8 |  8.9
Spellcasting   | 3 4 5 6 7 8 |  8.3
Earth Magic    | 4 5 6 7 8 9 |  9.2
Long Blades    | 1 3 4 5 6 7 |  7.7
Dodging        | 2 4 5 6 7 8 |  8.2
Evocations     | 2 3 5 7 |  7.4
Stealth        | |  1.7
Transmutations | |  0.8

Action                     |  1- 3 |  4- 6 |  7- 9 || total
---------------------------+-------+-------+-------++-------
  Melee: Great sword       |     4 |    11 |    18 ||    33
   Cast: Sandblast         |     5 |     1 |     2 ||     8
         Stone Arrow       |     2 |     4 |     6 ||    12
  Evoke: Phial of floods   |     1 |       |       ||     1
         Lightning rod     |       |     4 |     1 ||     5
         Tin of tremorston |       |       |     1 ||     1
    Use: Potion            |     5 |       |     7 ||    12
         Scroll            |     3 |       |     2 ||     5
 Armour: Robe              |     6 |     1 |     1 ||     8
  Dodge: Dodged            |     4 |    17 |    16 ||    37

Table legend: (Time is in decaauts)
 A = Elapsed time spent in this place.
 B = Non-inter-level travel time spent in this place.
 C = Inter-level travel time spent in this place.
 D = Time resting spent in this place.
 E = Time spent auto-exploring this place.
 F = Levels seen in this place.
 G = Mean time per level.
                   A        B        C        D        E       F      G
               +--------+--------+--------+--------+--------+-----+--------+
         Total |   1189 |   1189 |      0 |    922 |      0 |   1 | 1189.0 |
       Dungeon |   1189 |   1189 |      0 |    922 |      0 |   1 | 1189.0 |
               +--------+--------+--------+--------+--------+-----+--------+

Top non-repeatable levels by time:
       D: 1189 daAuts
